 Dungeon Crawl Stone Soup version 0.31.0-12-g77e489cdc1 (webtiles) character file.

Game seed: 6164994848827069051

78290 AceX2Z the Sorcerer (level 15, 0/82 HPs)
             Began as a Deep Elf Conjurer on Feb 15, 2024.
             Was the Champion of Nemelex Xobeh.
             Slain by a +2 heavy battleaxe (23 damage)
             ... on level 1 of the Elven Halls on Feb 16, 2024.
             The game lasted 03:54:58 (21620 turns).

AceX2Z the Sorcerer (Deep Elf Conjurer)            Turns: 21620, Time: 03:54:59

Health: 0/82       AC:  8    Str:  4    XL:     15   Next: 17%
Magic:  4/42       EV: 13    Int: 36    God:    Nemelex Xobeh [******]
Gold:   1670       SH:  0    Dex: 13    Spells: 28/57 levels left

rFire   + . .        s - staff of air
rCold   x . .        (no shield)
rNeg    . . .        R - +2 robe {rC+}
rPois   +            h - +2 helmet
rElec   +            B - scarf {shadows}
rCorr   +            (no gloves)
SInv    .            z - +0 pair of boots
Will    ++...        g - amulet of magic regeneration
Stlth   +++          j - ring of Vishuf Ecun {Fire Will+ Slay+2 Stlth+}
HPRegen 0.33/turn    T - ring "Vegamoem" {Wiz rPois rC- rCorr Int+5}
MPRegen 0.68/turn

%: wizardry (x1)
@: no status effects
A: no striking features
a: Renounce Religion, Draw Escape, Draw Destruction, Draw Summoning, Triple
Draw, Deal Four, Stack Five


You were on level 1 of the Elven Halls.
You worshipped Nemelex Xobeh.
Nemelex Xobeh was exalted by your worship.
You visited 4 branches of the dungeon, and saw 20 of its levels.
You also visited: Ossuary.

You collected 2981 gold pieces.
You spent 1311 gold pieces at shops.

Inventory:

Missiles
 K - a throwing net
Armour
 h - a +2 helmet (worn)
 w - a +1 robe of fire resistance
 z - a +0 pair of boots (worn)
 B - a scarf of shadows (worn)
 Q - a +2 leather armour of positive energy
 R - a +2 robe of cold resistance (worn)
 S - a +2 robe of willpower
Magical Staves
 s - a staff of air (weapon)
Jewellery
 c - a ring of ice
 f - a ring of poison resistance
 g - an amulet of magic regeneration (around neck)
 j - the ring of Vishuf Ecun (left hand) {Fire Will+ Slay+2 Stlth+}
   (You found it on level 2 of the Lair of Beasts)

   [ring of fire]

   Fire:      It enhances your fire magic.
   Slay+2:    It affects your accuracy & damage with ranged weapons and melee
   (+2).
   rF+:       It protects you from fire.
   rC-:       It makes you vulnerable to cold.
   Will+:     It increases your willpower.
   Stlth+:    It makes you more stealthy.
 o - a ring of protection from fire
 q - a ring of protection from fire
 H - a ring of willpower
 M - a ring of fire
 P - an amulet of regeneration
 T - the ring "Vegamoem" (right hand) {Wiz rPois rC- rCorr Int+5}
   (You bought it in a shop on level 2 of the Orcish Mines)

   [ring of wizardry]

   Wiz:       It improves your spell success rate.
   Int+5:     It affects your intelligence (+5).
   rC-:       It makes you vulnerable to cold.
   rPois:     It protects you from poison rCorr: It protects you from acid and
   corrosion.
Wands
 n - a wand of polymorph (10)
 A - a wand of paralysis (11)
 C - a wand of mindburst (34)
 E - a wand of roots (15)
 F - a wand of light (7)
 I - a wand of digging (11)
 J - a wand of flame (3)
Scrolls
 d - 10 scrolls of teleportation
 l - 4 scrolls of enchant armour
 m - 5 scrolls of fear
 p - a scroll of brand weapon
 v - 3 scrolls of enchant weapon
 y - 3 scrolls of blinking
 D - 2 scrolls of revelation
 G - a scroll of fog
 U - a scroll of identify
Potions
 a - 2 potions of resistance
 b - 2 potions of magic
 e - 5 potions of heal wounds
 i - 3 potions of cancellation
 k - 5 potions of invisibility
 t - 6 potions of mutation
 u - 8 potions of curing
 x - 2 potions of enlightenment
 N - 2 potions of brilliance
 O - 2 potions of lignification
Miscellaneous
 r - a box of beasts


   Skills:
 - Level 5.1 Fighting
 + Level 4.5 Dodging
 - Level 2.4 Stealth
 + Level 21.8 Spellcasting
 - Level 16.2 Conjurations
 - Level 7.0 Summonings
 - Level 5.0 Translocations
 - Level 11.0 Fire Magic
 - Level 7.0 Evocations


You had 28 spell levels left.
You knew the following spells:

 Your Spells              Type           Power      Damage    Failure   Level
a - Orb of Destruction    Conj           51%        9d13      1%          7
b - Searing Ray           Conj           100%       2d8       0%          2
c - Iskenderun's Mystic   Conj/Tloc      86%        2d17      1%          4
d - Fulminant Prism       Conj/Alch      39%        3d17      1%          4
e - Blink                 Tloc           100%       N/A       1%          2
f - Kiss of Death         Conj/Necr      100%       2d13      1%          1
g - Hailstorm             Conj/Ice       78%        3d13      1%          3
h - Fireball              Conj/Fire      58%        3d22      1%          5
i - Magic Dart            Conj           100%       1d8       0%          1

Your spell library contained the following spells:

 Spells                   Type           Power      Damage    Failure   Level
 Momentum Strike          Conj/Tloc      100%       3d10      0%          2
 Sandblast                Erth           78%        2d17      1%          1
 Shock                    Conj/Air       100%       1d9       1%          1
 Summon Small Mammal      Summ           100%       N/A       1%          1
 Call Imp                 Summ           100%       N/A       1%          2
 Lesser Beckoning         Tloc           100%       N/A       1%          2
 Call Canine Familiar     Summ           74%        N/A       1%          3
 Confusing Touch          Hex            39%        N/A       1%          3
 Gell's Gravitas          Tloc           66%        N/A       1%          3
 Mephitic Cloud           Conj/Alch/Air  87%        N/A       1%          3
 Passwall                 Erth           39%        N/A       1%          3
 Stone Arrow              Conj/Erth      100%       3d13      1%          3
 Summon Ice Beast         Ice/Summ       59%        N/A       1%          3
 Teleport Other           Tloc           66%        N/A       1%          3
 Volatile Blastmotes      Fire/Tloc      100%       2d18      1%          3
 Brom's Barrelling Bould  Conj/Erth      78%        2d9       1%          4
 Summon Blazeheart Golem  Fire/Summ      100%       N/A       1%          4
 Irradiate                Conj/Alch      39%        3d24      1%          5
 Iskenderun's Battlesphe  Conj           100%       2d15      1%          5
 Anguish                  Hex/Necr       19%        N/A       2%          4
 Cause Fear               Hex            19%        N/A       2%          4
 Dispel Undead            Necr           39%        3d16      2%          4
 Sculpt Simulacrum        Ice/Alch       19%        N/A       38%         6
 Enfeeble                 Hex            19%        N/A       90%         7
 Dragon's Call            Summ           37%        N/A       100%        9


Dungeon Overview and Level Annotations

Branches:
Dungeon (12/15)            Temple (0/1) D:4            Lair (5/5) D:11
 Shoals (0/4) Lair:2        Snake (0/4) Lair:3        Slime (0/5) Lair:5
    Orc (2/2) D:12            Elf (1/3) Orc:2       Ossuary (visited)

Altars:
Cheibriados
Kikubaaqudgha
Makhleb
Nemelex Xobeh
Ru
Sif Muna
Xom
Yredelemnul
Zin

Shops:
D:6 :   D:12 *   Orc:2 *=**


Message History

You feel a surge of power!
The fireball explodes!
The fireball engulfs the +1 mace of venom.
The +1 mace of venom resists.
The +1 mace of venom is almost destroyed.
The fireball engulfs the deep elf zephyrmancer!
You kill the deep elf zephyrmancer!
The deep elf knight casts a spell.
The deep elf knight seems to speed up.
You draw a card...
You have drawn the Cloud.
Clouds appear around your foes! The +1 mace of venom hits you!
The +1 mace of venom hits you!
You are poisoned.
You feel better. The +1 mace of venom hits you!
You are poisoned.
A deep elf pyromancer comes into view. It is wielding a +0 rapier.
The +1 mace of venom completely misses you.
Casting: Fireball (safe; 1% risk of failure)
Confirm with . or Enter, or press ? or * to list all spells.
You erupt in a blast of force!
The mystic blast hits the +2 heavy battleaxe but does no damage.
The mystic blast hits the +1 battleaxe of freezing!
The +1 battleaxe of freezing is moderately damaged.
The +1 battleaxe of freezing is knocked back by the mystic blast.
The mystic blast hits the +1 mace of venom!
The +1 mace of venom falls from the air.
The mystic blast hits the +1 long sword of electrocution!!
The +1 long sword of electrocution falls from the air.
You feel very sick.
You feel better. The +2 heavy battleaxe hits you!!
* * * LOW HITPOINT WARNING * * *
The deep elf pyromancer gestures wildly while chanting.
The deep elf pyromancer blinks!
A deep elf archer comes into view. It is wielding a +0 dagger.
Casting: Iskenderun's Mystic Blast (safe; 1% risk of failure)
Confirm with . or Enter, or press ? or * to list all spells.
You don't have enough magic to cast this spell.
You draw a card...
You have drawn the Cloud.
Clouds appear around your foes! The +2 heavy battleaxe hits you!!
You die...
Your body disappears without a glow. #... #(.## ..)..e #e..# ee....

############# .☼☼)..
#...).......# ....(e
###..⌠..#..⌠..#
...☼☼)##.#.....#.....#
..☼☼e☼#☼.'.....#..<..#
..☼(☼☼(@.#.....#.....#
..☼☼☼☼☼☼.#..⌠..#..⌠..#
..§....###....)).....#
..#.##.# #############
...#.#)##.#...#
.)###..##.#...# .#
#.##.#.... #.....
.#..#


You could see a deep elf archer (repels missiles), a deep elf knight and 2
dancing weapons.

Vanquished Creatures
  Jorgrun (Orc:1)
  An orc warlord (Orc:2)
  The ghost of topfpfpflanze the Thaumaturge, a journeyman DsCj of Vehumet (Lair:5)
  7 hydras
  Erolcha (Orc:2)
  A catoblepas (Lair:5)
  2 dancing weapons (Elf:1)
  A boulder beetle (D:12)
  2 two-headed ogres
  A deep troll shaman (Lair:5)
  18 death yaks
  5 orc high priests (Orc:2)
  Nergalle (Orc:1)
  2 skysharks
  A harpy (shapeshifter) (D:8)
  A deep elf archer (Elf:1)
  The ghost of Tizio the Shield-Bearer, a novice MiFi of Kikubaaqudgha (D:8)
  A lindwurm (Lair:5)
  3 orc knights (Orc:2)
  4 deep elf pyromancers (Elf:1)
  2 deep elf zephyrmancers (Elf:1)
  A manticore (D:11)
  An orc sorcerer (Orc:2)
  4 ugly things (D:8)
  4 elephants (Lair:5)
  3 black mambas
  2 kobold blastminers (Orc:2)
  13 cane toads
  An orange demon (Orc:2)
  2 torpor snails
  Maggie (D:7)
  2 rime drakes (Lair:5)
  6 komodo dragons
  3 trolls
  A troll (shapeshifter) (D:8)
  A merfolk (Lair:2)
  3 hornets
  Prince Ribbit (D:6)
  A raiju (shapeshifter) (D:8)
  3 polar bears
  29 blink frogs
  3 dream sheep (Lair:4)
  A raiju (Orc:2)
  2 shadows
  A wyvern (Lair:3)
  7 wargs
  44 yaks
  A vampire (D:5)
  A water elemental (Elf:1)
  4 basilisks
  A fire bat (Orc:2)
  A wraith (D:10)
  3 steam dragons
  2 neqoxecs (D:8)
  Menkaure (D:5)
  A hell hound (Orc:2)
  4 acid dragons
  A naga (Lair:3)
  8 water moccasins
  4 swamp worms (Lair:2)
  Duvessa (D:7)
  2 ice beasts
  40 orc warriors
  2 black bears
  A sky beast (D:7)
  A wolf (shapeshifter) (D:8)
  9 ogres
  19 wolves
  3 centaurs
  2 elf zombies
  A phantom (D:6)
  2 kobold brigands
  Blork the orc (D:6)
  11 bullfrogs
  4 gnoll sergeants
  2 scorpions
  10 wights
  Dowan (D:7)
  13 killer bees
  6 howler monkeys
  2 bombardier beetles
  4 hounds
  25 orc priests
  A jelly (D:5)
  5 human zombies
  A sleepcap (D:8)
  Jessica (D:3)
  3 iguanas
  17 orc wizards
  4 hell rats (Lair:5)
  2 human skeletons (D:5)
  A hound zombie (Ossuary)
  6 mummies
  15 gnolls
  6 adders
  A shadow imp (D:6)
  A white imp (D:5)
  2 ufetubi (D:6)
  3 ribbon worms
  66 orcs
  3 bats (D:1)
  2 endoplasms (D:1)
  2 giant cockroaches
  A gnoll zombie (Ossuary)
  9 goblins
  9 hobgoblins
  2 quokkas
  7 ball pythons
  A frilled lizard (D:3)
  2 goblin zombies (Ossuary)
  A hobgoblin zombie (Ossuary)
  18 kobolds
  3 orc zombies
  9 rats
  A rat zombie (Ossuary)
596 creatures vanquished.

Vanquished Creatures (collateral kills)
  2 death yaks (Lair:3)
  A troll (Orc:2)
  An orc wizard (Orc:2)
  An orc (Orc:2)
5 creatures vanquished.

Vanquished Creatures (others)
  A death yak (Lair:5)
  204 fulminant prisms
205 creatures vanquished.

Grand Total: 806 creatures vanquished

Notes
Turn   | Place    | Note
-------+----------+-------------------------------------------
     0 | D:1      | AceX2Z the Deep Elf Conjurer began the quest for the Orb.
     0 | D:1      | Reached XP level 1. HP: 10/10 MP: 6/6
   306 | D:1      | Reached XP level 2. HP: 15/15 MP: 5/8
   309 | D:1      | Learned a level 2 spell: Searing Ray
   646 | D:1      | Found a faded altar of an unknown god.
   648 | D:1      | Reached skill level 4 in Spellcasting
  1136 | D:2      | Reached XP level 3. HP: 19/19 MP: 8/10
  2301 | D:3      | Reached skill level 5 in Conjurations
  2303 | D:3      | Reached skill level 5 in Spellcasting
  2518 | D:3      | Found a sparkling altar of Nemelex Xobeh.
  2527 | D:3      | Became a worshipper of Nemelex Xobeh the Trickster
  2649 | D:3      | Reached XP level 4. HP: 24/24 MP: 11/13
  2654 | D:3      | Learned a level 4 spell: Iskenderun's Mystic Blast
  2789 | D:3      | Noticed Jessica
  2791 | D:3      | Killed Jessica
  3267 | D:4      | Reached skill level 6 in Spellcasting
  3267 | D:4      | Reached XP level 5. HP: 28/28 MP: 7/15
  3408 | D:4      | Found a snail-covered altar of Cheibriados.
  3470 | D:4      | Found a staircase to the Ecumenical Temple.
  3879 | D:5      | Entered Level 5 of the Dungeon
  3904 | D:5      | Reached * piety under Nemelex Xobeh
  3950 | D:5      | Found a transporter.
  3956 | D:5      | Found a transporter.
  3963 | D:5      | Reached skill level 7 in Spellcasting
  3974 | D:5      | Received a gift from Nemelex Xobeh
  3986 | D:5      | Found a basalt altar of Yredelemnul.
  4000 | D:5      | Reached XP level 6. HP: 32/32 MP: 14/18
  4122 | D:5      | Reached skill level 8 in Spellcasting
  4177 | D:5      | Noticed an orc warrior
  4195 | D:5      | Killed an orc warrior
  4196 | D:5      | Reached XP level 7. HP: 28/36 MP: 15/21
  4258 | D:5      | Reached skill level 9 in Spellcasting
  4307 | D:5      | Found a sand-covered staircase.
  4324 | Ossuary  | Entered an ossuary
  4525 | Ossuary  | Reached skill level 10 in Spellcasting
  4530 | Ossuary  | Learned a level 4 spell: Fulminant Prism
  4638 | Ossuary  | Reached XP level 8. HP: 41/41 MP: 20/24
  5108 | D:5      | Found an ancient bone altar of Kikubaaqudgha.
  5112 | D:5      | Noticed Menkaure
  5365 | D:6      | Reached skill level 11 in Spellcasting
  5387 | D:6      | Reached ** piety under Nemelex Xobeh
  5478 | D:6      | Noticed Prince Ribbit
  5482 | D:6      | Learned a level 2 spell: Blink
  5489 | D:6      | Killed Prince Ribbit
  5561 | D:6      | Found a burning altar of Makhleb.
  5583 | D:6      | Found Lyck's Book Shoppe.
  5593 | D:6      | Reached skill level 12 in Spellcasting
  5648 | D:6      | Learned a level 1 spell: Kiss of Death
  5911 | D:6      | Received a gift from Nemelex Xobeh
  6028 | D:6      | Noticed Blork the orc
  6038 | D:6      | Killed Blork the orc
  6218 | D:7      | Found a shimmering blue altar of Sif Muna.
  6243 | D:7      | Reached XP level 9. HP: 45/45 MP: 21/27
  6252 | D:7      | Noticed Maggie
  6264 | D:7      | Killed Maggie
  6265 | D:7      | Reached skill level 13 in Spellcasting
  6582 | D:7      | Reached *** piety under Nemelex Xobeh
  6584 | D:7      | Received a gift from Nemelex Xobeh
  6587 | D:7      | Noticed Duvessa
  6593 | D:7      | Noticed Dowan
  6598 | D:7      | Killed Dowan
  6599 | D:7      | Killed Duvessa
  6600 | D:7      | Reached skill level 14 in Spellcasting
  6739 | D:7      | Found a glowing silver altar of Zin.
  6888 | D:8      | Reached skill level 15 in Spellcasting
  6888 | D:8      | Reached skill level 10 in Conjurations
  6895 | D:8      | Reached skill level 1 in Summonings
  6990 | D:8      | Found a sacrificial altar of Ru.
  7001 | D:8      | Reached XP level 10. HP: 50/50 MP: 25/31
  7086 | D:8      | Found a runed translucent gate.
  7086 | D:8      | Found a runed translucent gate.
  7086 | D:8      | Found a runed translucent gate.
  7099 | D:8      | Noticed a white ugly thing
  7100 | D:8      | Noticed a brown ugly thing
  7100 | D:8      | Noticed a brown ugly thing
  7116 | D:8      | Noticed a cyan ugly thing
  7164 | D:8      | Found a shimmering altar of Xom.
  7249 | D:8      | Received a gift from Nemelex Xobeh
  8164 | D:9      | Reached skill level 5 in Summonings
  8536 | D:10     | Entered Level 10 of the Dungeon
  8823 | D:10     | Reached **** piety under Nemelex Xobeh
  8859 | D:10     | Received a gift from Nemelex Xobeh
  8859 | D:10     | Noticed a two-headed ogre
  8878 | D:10     | Killed a two-headed ogre
  8879 | D:10     | Reached skill level 1 in Fighting
  8879 | D:10     | Reached XP level 11. HP: 44/56 MP: 11/32
  9167 | D:10     | Noticed a yaktaur captain
  9938 | D:11     | Noticed a death yak
  9949 | D:11     | Killed a death yak
 10005 | D:11     | Noticed a death yak
 10005 | D:11     | Noticed a death yak
 10020 | D:11     | Killed a death yak
 10022 | D:11     | Killed a death yak
 10086 | D:11     | Found a staircase to the Lair.
 10283 | D:11     | Received a gift from Nemelex Xobeh
 10472 | D:11     | Reached skill level 5 in Fighting
 10897 | D:12     | Noticed a two-headed ogre
 10902 | D:12     | Killed a two-headed ogre
 10903 | D:12     | Reached skill level 1 in Translocations
 10903 | D:12     | Noticed a boulder beetle
 10946 | D:12     | Killed a boulder beetle
 11036 | D:12     | Found a staircase to the Orcish Mines.
 11093 | D:12     | Received a gift from Nemelex Xobeh
 11213 | D:12     | Reached ***** piety under Nemelex Xobeh
 11393 | D:12     | Found Orraga's General Store.
 11396 | D:12     | Bought a scroll of identify for 28 gold pieces
 11396 | D:12     | Bought a scroll of identify for 28 gold pieces
 11672 | Orc:1    | Entered Level 1 of the Orcish Mines
 11682 | Orc:1    | Reached XP level 12. HP: 64/68 MP: 21/33
 11784 | Orc:1    | Noticed Jorgrun
 11971 | D:8      | Found a runed translucent gate.
 11971 | D:8      | Found a runed translucent gate.
 11980 | D:8      | Found a runed translucent gate.
 11985 | D:8      | Noticed Tizio's ghost (novice MiFi)
 11986 | D:8      | Noticed an entropy weaver
 11998 | D:8      | an entropy weaver changed into something unseen
 12002 | D:8      | Reached skill level 16 in Spellcasting
 12010 | D:8      | Killed Tizio's ghost
 12280 | D:5      | Killed Menkaure
 12281 | D:5      | Reached skill level 5 in Translocations
 12454 | Lair:1   | Entered Level 1 of the Lair of Beasts
 12468 | Lair:1   | Reached skill level 1 in Evocations
 12578 | Lair:1   | Reached skill level 15 in Conjurations
 12897 | Lair:1   | Received a gift from Nemelex Xobeh
 13472 | Lair:1   | Received a gift from Nemelex Xobeh
 13856 | Lair:2   | Found a staircase to the Shoals.
 13941 | Lair:2   | Reached skill level 17 in Spellcasting
 14245 | Lair:2   | Learned a level 3 spell: Hailstorm
 14304 | Lair:2   | Found a transporter.
 14347 | Lair:2   | Received a gift from Nemelex Xobeh
 14348 | Lair:2   | Found a transporter.
 14498 | Lair:2   | HP: 3/68 [some lava collision (19)]
 14537 | Lair:2   | Identified the ring of Vishuf Ecun {Fire Will+ Slay+2
                  | Stlth+}
 14560 | Lair:2   | Learned a level 5 spell: Fireball
 14900 | Lair:3   | Noticed a five-headed hydra
 14909 | Lair:3   | Killed a five-headed hydra
 14910 | Lair:3   | Reached skill level 5 in Evocations
 14910 | Lair:3   | Reached XP level 13. HP: 72/72 MP: 21/36
 15277 | Lair:3   | Found a staircase to the Snake Pit.
 15361 | Lair:3   | Received a gift from Nemelex Xobeh
 15806 | Lair:3   | Received a gift from Nemelex Xobeh
 16136 | Lair:4   | Reached ****** piety under Nemelex Xobeh
 16161 | Lair:4   | Reached skill level 18 in Spellcasting
 16220 | Lair:4   | Reached skill level 1 in Fire Magic
 16547 | Lair:4   | Received a gift from Nemelex Xobeh
 17021 | Lair:5   | Entered Level 5 of the Lair of Beasts
 17133 | Lair:5   | Received a gift from Nemelex Xobeh
 17166 | Lair:5   | Found a staircase to the Slime Pits.
 17256 | Lair:5   | Reached skill level 5 in Fire Magic
 17257 | Lair:5   | Reached skill level 19 in Spellcasting
 17392 | Lair:5   | Found a runed translucent gate.
 17392 | Lair:5   | Found a runed translucent gate.
 17392 | Lair:5   | Found a runed translucent gate.
 17393 | Lair:5   | Noticed topfpfpflanze's ghost (journeyman DsCj)
 17480 | Lair:5   | Reached XP level 14. HP: 78/78 MP: 26/39
 17584 | Lair:5   | Received a gift from Nemelex Xobeh
 18464 | Lair:5   | Reached skill level 20 in Spellcasting
 18695 | Lair:5   | Identified the +6 hand axe of Kismet {flame, rCorr}
 18869 | Lair:5   | Killed topfpfpflanze's ghost
 19159 | Orc:1    | Killed Jorgrun
 19279 | Orc:1    | Noticed Nergalle
 19282 | Orc:1    | Killed Nergalle
 19739 | Orc:2    | Entered Level 2 of the Orcish Mines
 19739 | Orc:2    | Received a gift from Nemelex Xobeh
 19740 | Orc:2    | Noticed Erolcha
 19777 | Orc:2    | Found a staircase to the Elven Halls.
 19807 | Orc:2    | Noticed an orc warlord
 19812 | Orc:2    | Killed an orc warlord
 19956 | Orc:2    | Reached skill level 10 in Fire Magic
 20115 | Orc:2    | Reached skill level 21 in Spellcasting
 20779 | Orc:2    | Found a shimmering altar of Xom.
 21120 | Orc:2    | Reached XP level 15. HP: 82/82 MP: 12/42
 21198 | Orc:2    | Found Moahoput's Jewellery Boutique.
 21200 | Orc:2    | Found Tagi's General Store.
 21201 | Orc:2    | Found Etariar's Assorted Antiques.
 21202 | Orc:2    | Found Efigeseh's General Store.
 21215 | Orc:2    | Bought the ring "Vegamoem" {Wiz rPois rC- rCorr Int+5} for
                  | 553 gold pieces
 21216 | Orc:2    | Bought a scroll of acquirement for 676 gold pieces
 21222 | Orc:2    | Acquired 1001 gold pieces
 21230 | Orc:2    | Bought a scroll of identify for 26 gold pieces
 21239 | Orc:2    | Acquired AceX2Z's Lessons on the Missiles
 21249 | Orc:2    | Learned a level 7 spell: Orb of Destruction
 21308 | Orc:2    | Killed Erolcha
 21359 | Orc:2    | Received a gift from Nemelex Xobeh
 21541 | Elf:1    | Entered Level 1 of the Elven Halls
 21620 | Elf:1    | Slain by a +2 heavy battleaxe

Illustrated notes

Levels and vault maps discovered:
D:1:      wander_arrival_fairy_ring, layout_loops_ring,
          dreamdust_ecumenical_altar_angels_and_demons, lemuel_flame_loot_1
D:2:      layout_loops_ring
D:3:      kennysheep_six_static_rooms, layout_basic,
          nemelex_xobeh_ov_fountains_minmay, uniq_jessica
D:4:      layout_loops_ring, cheibriados_altar_1, lemuel_temple_firewalk_b
D:5:      layout_loops_corners, gammafunk_temple_of_torment,
          nicolae_ossuary_entry_catacombs
D:6:      layout_basic, amcnicky_altar_gilded, serial_shops, shop,
          eino_small_chamber_without_monster, uniq_prince_ribbit1,
          uniq_blork_the_orc
D:7:      layout_cave_pools, mainiacjoe_overflow_swirl, uniq_duvessa,
          uniq_maggie
D:8:      layout_cave_pools, pf_just_have_faith, nicolae_ru_path_of_blood,
          ploomutoo_gammafunk_ghost_potion_laboratory, roderic_lattice_a,
          fountainhead, nicolae_tricolors
D:9:      layout_rooms
D:10:     layout_stronghold, serial_bayou_pond_e, wad_dig_loot
D:11:     layout_basic, dpeg_lair_monsters
D:12:     layout_long_grid, david_orc_1_choice, serial_shops,
          nicolae_shop_real_fake_doors
Lair:1:   layout_hall_layers, grunt_megastairs_1
Lair:2:   gammafunk_worm_tunnel, layout_hall_layers, elwin_shoals_entry_rooms,
          infiniplex_staircase_pool_2
Lair:3:   layout_cave_pods, guppyfry_snake_entry_island
Lair:4:   layout_concentric_octagons
Lair:5:   grunt_lair_end_beastmaster, layout_loops_ring, slime_entry_1,
          serial_rivers, chequers_serial_rivers_room_a,
          chequers_serial_rivers_room_a, chequers_serial_rivers_small_3,
          chequers_serial_rivers_marsh, gammafunk_ghost_hydra_chop
Orc:1:    layout_diamond_mine, nicolae_orc_crystal_seam,
          nicolae_orc_lost_temple, uniq_nergalle, uniq_jorgrun
Orc:2:    st_orc_pillars, layout_caves, regret_index_xom_of_box, uniq_erolcha
Elf:1:    nicolae_elf_arrival_fired_up, layout_loops_cross, serial_shops,
          statue_bzr, minivault_28, uniq_norris

Skill      XL: |  1  2  3  4  5  6  7  8  9 10 11 12 13 14 15 |
---------------+----------------------------------------------+-----
Spellcasting   | 4 5 6 7 8 10 12 15 17 19 21 | 21.8
Conjurations   | 5 6 7 8 10 12 14 15 16 | 16.2
Summonings     | 1 7 |  7.0
Fighting       | 1 5 |  5.1
Translocations | 2 5 |  5.0
Evocations     | 5 7 |  7.0
Fire Magic     | 6 11 | 11.0
Dodging        | 4 |  4.5
Stealth        | |  2.4

Action                     |  1- 3 |  4- 6 |  7- 9 | 10-12 | 13-15 || total
---------------------------+-------+-------+-------+-------+-------++-------
  Melee: Dagger            |       |       |       |     1 |       ||     1
         Staff             |       |       |       |     1 |       ||     1
   Cast: Magic Dart        |    70 |    53 |   104 |    55 |     4 ||   286
         Searing Ray       |     3 |    12 |    45 |    25 |     2 ||    87
         Fulminant Prism   |       |       |    25 |   172 |     7 ||   204
         Iskenderun's Myst |       |       |    15 |    67 |    32 ||   114
         Kiss of Death     |       |       |     1 |     1 |       ||     2
         Blink             |       |       |       |     1 |       ||     1
         Fireball          |       |       |       |     7 |   306 ||   313
         Hailstorm         |       |       |       |       |     2 ||     2
 Invoke: Draw Destruction  |       |       |       |       |     4 ||     4
         Draw Escape       |       |       |       |       |     3 ||     3
         Draw Summoning    |       |       |       |       |     1 ||     1
  Evoke: Wand              |       |       |       |    10 |     1 ||    11
         Box of beasts     |       |       |       |     1 |     1 ||     2
    Use: Scroll            |     4 |     2 |     5 |    11 |     5 ||    27
         Potion            |       |       |       |     6 |     3 ||     9
 Armour: Robe              |     2 |     7 |    26 |    66 |    23 ||   124
         Skin              |       |       |       |     5 |       ||     5
         Leather armour    |       |       |       |       |     2 ||     2
  Dodge: Dodged            |     5 |    13 |    17 |    45 |    12 ||    92
